TOP OF THE 1ST |
Arizona State Sun Devils batting - Pitching for South Carolina Gamecocks : LHP Casey Gardner
|
Pitching: LHP Casey Gardner
|
|
Batting: RHB Ryan Conway
|
0-0: Called Strike 0-1: Ball 1-1: Foul Ball, location: 2F 1-2: Strikes out looking
|
Batting: RHB Stan Murray
|
0-0: Ball 1-0: Ball 2-0: Fly out, F6 (Line Drive, 6M)
|
Batting: RHB Vernon Harris
|
0-0: Swinging Strike 0-1: Ball 1-1: Foul Ball, location: 2F 1-2: Strikes out swinging
|
Top of the 1st over - 0 run(s), 0 hit(s), 0 error(s), 0 left on base; Arizona State 0 - South Carolina 0 |
BOTTOM OF THE 1ST |
South Carolina Gamecocks batting - Pitching for Arizona State Sun Devils : RHP Juan Sánchez
|
Pitching: RHP Juan Sánchez
|
|
Batting: RHB Rob DeWitt
|
0-0: Called Strike 0-1: Ball 1-1: Fly out, F7 (Flyball, 78M)
|
Batting: RHB Edward Green
|
0-0: Called Strike 0-1: Ball 1-1: Ground out 6-3 (Groundball, 6)
|
Batting: LHB Bill Walter
|
0-0: Ball 1-0: Called Strike 1-1: Ground out 4-3 (Groundball, 34)
|
Bottom of the 1st over - 0 run(s), 0 hit(s), 0 error(s), 0 left on base; Arizona State 0 - South Carolina 0 |
TOP OF THE 2ND |
Arizona State Sun Devils batting - Pitching for South Carolina Gamecocks : LHP Casey Gardner
|
Batting: SHB Leonardo González
|
0-0: Swinging Strike 0-1: Ball 1-1: Ball 2-1: Swinging Strike 2-2: Foul Ball, location: 2F 2-2: Ball 3-2: TRIPLE (Flyball, 8RD)
|
Batting: RHB Jeffery Burton
|
0-0: Called Strike 0-1: Ball 1-1: Foul Ball, location: 2F 1-2: Ground out 6-3 (Groundball, 6) Leonardo González scores
|
Batting: LHB Ryan Billman
|
0-0: Fly out, F8 (Flyball, 8RM)
|
Batting: RHB Bob Bennett
|
0-0: Ball 1-0: Ball 2-0: Called Strike 2-1: Ball 3-1: Called Strike 3-2: Base on Balls
|
Batting: LHB John Lynch
|
0-0: Called Strike 0-1: Ball 1-1: Ball 2-1: Ball 3-1: Foul Ball, location: 2F 3-2: Base on Balls Bob Bennett to second
|
Batting: LHB John Turner
|
0-0: Ball Passed Ball! Bob Bennett to third John Lynch to second 1-0: Ball 2-0: Called Strike 2-1: Ball 3-1: Base on Balls
|
Batting: RHB Ryan Conway
|
0-0: SINGLE (Groundball, 4MS) (infield hit) Bob Bennett scores John Lynch to third John Turner to second
|
Batting: RHB Stan Murray
|
0-0: Ball 1-0: Fielders Choice at 2nd, 6-4 (Groundball, 6)
|
Top of the 2nd over - 2 run(s), 2 hit(s), 0 error(s), 2 left on base; Arizona State 2 - South Carolina 0 |
BOTTOM OF THE 2ND |
South Carolina Gamecocks batting - Pitching for Arizona State Sun Devils : RHP Juan Sánchez
|
Batting: LHB Chandler Pitts
|
0-0: Ball 1-0: Ball 2-0: Ball 3-0: Base on Balls
|
Batting: RHB Fernando Pérez
|
0-0: Called Strike 0-1: Ball 1-1: Foul Ball, location: 2F 1-2: Foul Ball, location: 2F 1-2: Strikes out swinging
|
Batting: SHB Ron Sims
|
0-0: Called Strike 0-1: Ball 1-1: Swinging Strike 1-2: Foul Ball, location: 2F 1-2: Strikes out swinging
|
Batting: RHB Ryan Campbell
|
0-0: Fly out, F9 (Flyball, 89S)
|
Bottom of the 2nd over - 0 run(s), 0 hit(s), 0 error(s), 1 left on base; Arizona State 2 - South Carolina 0 |
TOP OF THE 3RD |
Arizona State Sun Devils batting - Pitching for South Carolina Gamecocks : LHP Casey Gardner
|
Batting: RHB Vernon Harris
|
0-0: Foul Ball, location: 2F 0-1: Ball 1-1: Called Strike 1-2: Fly out, F8 (Flyball, 8LD)
|
Batting: SHB Leonardo González
|
0-0: Foul Ball, location: 2F 0-1: Ball 1-1: Called Strike 1-2: Strikes out swinging
|
Batting: RHB Jeffery Burton
|
0-0: Ball 1-0: Foul Ball, location: 2F 1-1: Foul Ball, location: 2F 1-2: Ground out 6-3 (Groundball, 6)
|
Top of the 3rd over - 0 run(s), 0 hit(s), 0 error(s), 0 left on base; Arizona State 2 - South Carolina 0 |
BOTTOM OF THE 3RD |
South Carolina Gamecocks batting - Pitching for Arizona State Sun Devils : RHP Juan Sánchez
|
Batting: RHB Mason Melton
|
0-0: Ball 1-0: Fly out, F9 (Flyball, 9LS)
|
Batting: RHB José Maldonado
|
0-0: Ball 1-0: Fly out, F9 (Flyball, 9)
|
Batting: RHB Rob DeWitt
|
0-0: Ground out 6-3 (Groundball, 6)
|
Bottom of the 3rd over - 0 run(s), 0 hit(s), 0 error(s), 0 left on base; Arizona State 2 - South Carolina 0 |
TOP OF THE 4TH |
Arizona State Sun Devils batting - Pitching for South Carolina Gamecocks : LHP Casey Gardner
|
Batting: LHB Ryan Billman
|
0-0: Called Strike 0-1: Called Strike 0-2: Ball 1-2: Strikes out swinging
|
Batting: RHB Bob Bennett
|
0-0: Ball 1-0: Called Strike 1-1: Swinging Strike 1-2: Strikes out swinging
|
Batting: LHB John Lynch
|
0-0: Ball 1-0: Called Strike 1-1: Ground out U3 (Groundball, 34)
|
Top of the 4th over - 0 run(s), 0 hit(s), 0 error(s), 0 left on base; Arizona State 2 - South Carolina 0 |
BOTTOM OF THE 4TH |
South Carolina Gamecocks batting - Pitching for Arizona State Sun Devils : RHP Juan Sánchez
|
Batting: RHB Edward Green
|
0-0: Ball 1-0: Called Strike 1-1: Swinging Strike 1-2: Strikes out swinging
|
Batting: LHB Bill Walter
|
0-0: Called Strike 0-1: Ball 1-1: Ball 2-1: Ball 3-1: Fly out, F9 (Flyball, 89S)
|
Batting: LHB Chandler Pitts
|
0-0: Swinging Strike 0-1: Called Strike 0-2: Ball 1-2: Ball 2-2: Strikes out looking
|
Bottom of the 4th over - 0 run(s), 0 hit(s), 0 error(s), 0 left on base; Arizona State 2 - South Carolina 0 |
TOP OF THE 5TH |
Arizona State Sun Devils batting - Pitching for South Carolina Gamecocks : LHP Casey Gardner
|
Batting: LHB John Turner
|
0-0: Ball 1-0: Called Strike 1-1: Swinging Strike 1-2: Strikes out swinging
|
Batting: RHB Ryan Conway
|
0-0: Fly out, F8 (Flyball, 78M)
|
Batting: RHB Stan Murray
|
0-0: Ball 1-0: Ball 2-0: Ball 3-0: Base on Balls
|
Batting: RHB Vernon Harris
|
0-0: Ball 1-0: Called Strike 1-1: Called Strike 1-2: Strikes out looking
|
Top of the 5th over - 0 run(s), 0 hit(s), 0 error(s), 1 left on base; Arizona State 2 - South Carolina 0 |
BOTTOM OF THE 5TH |
South Carolina Gamecocks batting - Pitching for Arizona State Sun Devils : RHP Juan Sánchez
|
Batting: RHB Fernando Pérez
|
0-0: Called Strike 0-1: Ball 1-1: Foul Ball, location: 2F 1-2: Ball 2-2: Foul Ball, location: 2F 2-2: Strikes out swinging
|
Batting: SHB Ron Sims
|
0-0: Ball 1-0: Fly out, F8 (Flyball, 78D)
|
Batting: RHB Ryan Campbell
|
0-0: Called Strike 0-1: Swinging Strike 0-2: Ball 1-2: Foul Ball, location: 2F 1-2: Foul Ball, location: 2F 1-2: Ground out 5-3 (Groundball, 56S)
|
Bottom of the 5th over - 0 run(s), 0 hit(s), 0 error(s), 0 left on base; Arizona State 2 - South Carolina 0 |
TOP OF THE 6TH |
Arizona State Sun Devils batting - Pitching for South Carolina Gamecocks : LHP Casey Gardner
|
Batting: SHB Leonardo González
|
0-0: Ball 1-0: SINGLE (Flyball, 89S)
|
Pitching: RHP Floyd Carson
|
|
Batting: RHB Jeffery Burton
|
0-0: Foul Ball, location: 2F 0-1: Ball 1-1: Ball 2-1: Ball 3-1: Foul Ball, location: 2F 3-2: Base on Balls Leonardo González to second
|
Batting: LHB Ryan Billman
|
0-0: Called Strike 0-1: Foul Ball, location: 2F 0-2: Ball 1-2: Ball 2-2: Ball 3-2: Fly out, F5 (Popup, 56D)
|
Batting: RHB Bob Bennett
|
0-0: Ball 1-0: Ball 2-0: Swinging Strike 2-1: Swinging Strike 2-2: Strikes out swinging
|
Batting: LHB John Lynch
|
0-0: Ball 1-0: Swinging Strike 1-1: Foul Ball, location: 2F 1-2: Foul Ball, location: 2F 1-2: Ball 2-2: Ground out 3-1 (Groundball, 34)
|
Top of the 6th over - 0 run(s), 1 hit(s), 0 error(s), 2 left on base; Arizona State 2 - South Carolina 0 |
BOTTOM OF THE 6TH |
South Carolina Gamecocks batting - Pitching for Arizona State Sun Devils : RHP Juan Sánchez
|
Batting: RHB Mason Melton
|
0-0: Ball 1-0: Ground out 5-3 (Groundball, 56)
|
Batting: RHB José Maldonado
|
0-0: Swinging Strike 0-1: Ball 1-1: Foul Ball, location: 2F 1-2: Foul Ball, location: 2F 1-2: Foul Ball, location: 2F 1-2: Ball 2-2: Ball 3-2: Ground out 5-3 (Groundball, 56)
|
Batting: RHB Rob DeWitt
|
0-0: Swinging Strike 0-1: Ball 1-1: Foul Ball, location: 2F 1-2: Fly out, F7 (Flyball, 7)
|
Bottom of the 6th over - 0 run(s), 0 hit(s), 0 error(s), 0 left on base; Arizona State 2 - South Carolina 0 |
TOP OF THE 7TH |
Arizona State Sun Devils batting - Pitching for South Carolina Gamecocks : RHP Floyd Carson
|
Batting: LHB John Turner
|
0-0: Ball 1-0: Ball 2-0: Fly out, F8 (Flyball, 8RM)
|
Batting: RHB Ryan Conway
|
0-0: Ball 1-0: Ground out 5-3 (Groundball, 56)
|
Batting: RHB Stan Murray
|
0-0: Ball 1-0: Ball 2-0: Called Strike 2-1: Ball 3-1: Base on Balls
|
Pitching: RHP Bob Branch
|
|
Batting: RHB Vernon Harris
|
0-0: Ball 1-0: Foul Ball, location: 2F 1-1: Ball 2-1: Swinging Strike 2-2: Strikes out swinging
|
Top of the 7th over - 0 run(s), 0 hit(s), 0 error(s), 1 left on base; Arizona State 2 - South Carolina 0 |
BOTTOM OF THE 7TH |
South Carolina Gamecocks batting - Pitching for Arizona State Sun Devils : RHP Juan Sánchez
|
Batting: RHB Edward Green
|
0-0: Called Strike 0-1: Hit by Pitch
|
Batting: LHB Bill Walter
|
0-0: Ball 1-0: Called Strike 1-1: Foul Ball, location: 2F 1-2: Ball 2-2: Ball 3-2: Base on Balls Edward Green to second
|
Batting: LHB Chandler Pitts
|
0-0: Ball 1-0: Called Strike 1-1: Foul Ball, location: 2F 1-2: Strikes out swinging
|
Batting: RHB Fernando Pérez
|
0-0: Ball 1-0: 3-RUN HOME RUN (Flyball, 7D), Distance : 347 ft
|
Pitching: RHP Ken Ham
|
|
Batting: SHB Ron Sims
|
0-0: Ball 1-0: Foul Ball, location: 2F 1-1: Ball 2-1: Foul Ball, location: 2F 2-2: Strikes out swinging
|
Batting: RHB Ryan Campbell
|
0-0: Ball 1-0: Ball 2-0: Ball 3-0: Base on Balls
|
Pinch Hitting: RHB Scott Dixon
|
0-0: Ball 1-0: Ball 2-0: Foul Ball, location: 2F 2-1: Ball 3-1: Base on Balls Ryan Campbell to second
|
Batting: RHB José Maldonado
|
0-0: Ball 1-0: Ball 2-0: Fielders Choice at 2nd, 5-4 (Groundball, 5)
|
Bottom of the 7th over - 3 run(s), 1 hit(s), 0 error(s), 1 left on base; Arizona State 2 - South Carolina 3 |
TOP OF THE 8TH |
Arizona State Sun Devils batting - Pitching for South Carolina Gamecocks : RHP Bob Branch
|
Pitching: RHP Joseph Salinas
|
|
Now at 2B: Scott Dixon
|
|
Batting: SHB Leonardo González
|
0-0: Swinging Strike 0-1: Ball 1-1: Hit by Pitch
|
Batting: RHB Jeffery Burton
|
0-0: SINGLE (Line Drive, 4MD) Leonardo González to second
|
Pitching: LHP Michael Harrison
|
|
Batting: LHB Ryan Billman
|
0-0: Called Strike 0-1: Called Strike 0-2: Ball 1-2: SINGLE (Line Drive, 78M) Leonardo González to third Jeffery Burton to second
|
Pitching: RHP Miguel Martínez
|
|
Batting: RHB Bob Bennett
|
0-0: DOUBLE (Flyball, 8RD) Leonardo González scores Jeffery Burton scores Ryan Billman to third
|
Pinch Hitting: RHB Cristo Avalos
|
0-0: Intentional Walk
|
Batting: LHB John Turner
|
0-0: Foul Ball, location: 2F 0-1: Swinging Strike 0-2: Ball 1-2: Foul Ball, location: 2F 1-2: Strikes out swinging
|
Batting: RHB Ryan Conway
|
0-0: Called Strike 0-1: Ball 1-1: Called Strike 1-2: Foul Ball, location: 2F 1-2: Ball Wild Pitch! Ryan Billman scores Bob Bennett to third Cristo Avalos to second 2-2: Foul Ball, location: 2F 2-2: SINGLE (Groundball, 6MD) Bob Bennett scores Cristo Avalos to third Runner from 3rd tries for Home, SAFE, throw made home Ryan Conway to second
|
Pitching: RHP Monte Powell
|
|
Batting: RHB Stan Murray
|
0-0: Ball Ryan Conway steals 3rd base 1-0: Swinging Strike 1-1: Called Strike 1-2: Ball 2-2: Ball 3-2: Foul Ball, location: 2F 3-2: Strikes out looking
|
Batting: RHB Vernon Harris
|
0-0: Ball Wild Pitch! Ryan Conway scores 1-0: Ball 2-0: Ball 3-0: Base on Balls
|
Batting: SHB Leonardo González
|
0-0: Ball 1-0: Fly out, F7 (Flyball, 78M)
|
Top of the 8th over - 6 run(s), 4 hit(s), 0 error(s), 1 left on base; Arizona State 8 - South Carolina 3 |
BOTTOM OF THE 8TH |
South Carolina Gamecocks batting - Pitching for Arizona State Sun Devils : RHP Ken Ham
|
Now in CF: José Serrano
|
|
Batting: RHB Rob DeWitt
|
0-0: Ball 1-0: SOLO HOME RUN (Line Drive, 7LD), Distance : 338 ft
|
Batting: RHB Edward Green
|
0-0: Called Strike 0-1: Ball 1-1: Ball 2-1: Called Strike 2-2: SINGLE (Flyball, 8LS)
|
Batting: LHB Bill Walter
|
0-0: Ball 1-0: Ball 2-0: Ball 3-0: Base on Balls Edward Green to second
|
Pitching: LHP Javier Olivas
|
|
Batting: LHB Chandler Pitts
|
0-0: Ball 1-0: Ball 2-0: Ball 3-0: Called Strike 3-1: Swinging Strike 3-2: Strikes out swinging
|
Pitching: RHP António Capos
|
|
Batting: RHB Fernando Pérez
|
0-0: Ball 1-0: Ball 2-0: Ball 3-0: Base on Balls Edward Green to third Bill Walter to second
|
Pitching: LHP Ryan Stevenson
|
|
Batting: SHB Ron Sims
|
0-0: Foul Ball, location: 2F 0-1: Swinging Strike 0-2: Ball 1-2: Strikes out looking
|
Pitching: RHP Scott Robbins
|
|
Batting: RHB Ryan Campbell
|
0-0: Called Strike 0-1: Foul Ball, location: 2F 0-2: Foul Ball, location: 2F 0-2: Ball 1-2: Strikes out swinging
|
Bottom of the 8th over - 1 run(s), 2 hit(s), 0 error(s), 3 left on base; Arizona State 8 - South Carolina 4 |
TOP OF THE 9TH |
Arizona State Sun Devils batting - Pitching for South Carolina Gamecocks : RHP Monte Powell
|
Pitching: LHP José Carlos
|
|
Batting: RHB Jeffery Burton
|
0-0: Swinging Strike 0-1: Ball 1-1: Ball 2-1: Foul Ball, location: 2F 2-2: Strikes out swinging, 2-3 out at first.
|
Batting: LHB Ryan Billman
|
0-0: Swinging Strike 0-1: Swinging Strike 0-2: Ball 1-2: Ball 2-2: Strikes out swinging
|
Batting: RHB Bob Bennett
|
0-0: Foul Ball, location: 2F 0-1: DOUBLE (Line Drive, 9)
|
Batting: LHB José Serrano
|
0-0: Ball 1-0: Ball 2-0: Foul Ball, location: 2F 2-1: Swinging Strike 2-2: Strikes out swinging, 2-3 out at first.
|
Top of the 9th over - 0 run(s), 1 hit(s), 0 error(s), 1 left on base; Arizona State 8 - South Carolina 4 |
BOTTOM OF THE 9TH |
South Carolina Gamecocks batting - Pitching for Arizona State Sun Devils : RHP Scott Robbins
|
Batting: RHB Scott Dixon
|
0-0: Ball 1-0: Called Strike 1-1: Foul Ball, location: 2F 1-2: Ball 2-2: Foul Ball, location: 2F 2-2: Ground out 5-3 (Groundball, 5L)
|
Batting: RHB José Maldonado
|
0-0: SINGLE (Groundball, 56D)
|
Batting: RHB Rob DeWitt
|
0-0: Ball Wild Pitch! José Maldonado to second 1-0: Fly out, F8 (Flyball, 8RM) Runner from 2nd tags up, SAFE at 3rd with throw
|
Batting: RHB Edward Green
|
0-0: Foul Ball, location: 2F 0-1: Called Strike 0-2: Ball 1-2: Strikes out swinging
|
Bottom of the 9th over - 0 run(s), 1 hit(s), 0 error(s), 1 left on base; Arizona State 8 - South Carolina 4 |
|